 Dungeon Crawl Stone Soup version 0.19.5 (webtiles) character file.

77 sprush the Insei (level 4, -5/28 HPs)
             Began as a Merfolk Transmuter on May 12, 2017.
             Was an Initiate of Hepliaklqana.
             Killed from afar by an orc wizard (6 damage)
             ... with a magic dart
             ... on level 3 of the Dungeon.
             The game lasted 00:42:40 (2075 turns).

sprush the Insei (Merfolk Transmuter)               Turns: 2075, Time: 00:42:41

Health: -5/28      AC:  2    Str: 11 (14) XL:     4   Next: 33%
Magic:  7/7        EV: 13    Int: 11 (12) God:    Hepliaklqana [......]
Gold:   70         SH:  0    Dex: 13 (14) Spells: 1 memorised, 7 levels left

rFire  . . .     SeeInvis .       - Unarmed
rCold  . . .     Gourm    .     b - +0 robe
rNeg   . . .     Faith    .     (no shield)
rPois  .         Spirit   .     (helmet restricted)
rElec  .         Reflect  .     (no cloak)
rCorr  .         Harm     .     (no gloves)
MR     +....                    (no boots)
Stlth  +.........               (no amulet)
                                (no ring)
                                z - +3 ring of strength

@: no status effects
A: change form in water, swift swim, stealthy swim, reduced essence, horns 1,
magic resistance 1, wild magic 1
a: Recall Ancestor, Ancestor Identity, Renounce Religion


You were on level 3 of the Dungeon.
You worshipped Hepliaklqana.
Hepliaklqana was noncommittal.
You were not hungry.

You visited 1 branch of the dungeon, and saw 3 of its levels.

You collected 70 gold pieces.

Inventory:

Hand Weapons
 f - a +0 whip
 g - a +0 short sword
 i - a +0 dagger
 j - a +0 short sword
 k - a +0 short sword
 o - a cursed -2 short sword
 p - a +0 hunting sling
 q - a +0 hunting sling
 r - a +0 short sword
Missiles
 a - 32 arrows
 e - 13 stones (quivered)
 l - 17 bolts
 t - 10 poisoned needles
Armour
 b - a +0 robe (worn)
 u - a +0 leather armour
 x - a +0 chain mail
 y - a +0 ring mail
Jewellery
 z - a +3 ring of strength (left hand)
Wands
 w - a wand of paralysis (8/24)
Scrolls
 h - a scroll of identify
 m - a scroll of teleportation {unknown}
 n - a scroll of enchant weapon {unknown}
 v - a scroll of amnesia {unknown}
Books
 c - a book of Changes

   Spells                             Type                      Level
   a - Beastly Appendage              Transmutation                1
   b - Sticks to Snakes               Transmutation                2
   c - Spider Form                    Transmutation/Poison         3
   d - Ice Form                       Ice/Transmutation            4
   e - Blade Hands                    Transmutation                5
Comestibles
 d - 2 bread rations
 s - a meat ration


   Skills:
 + Level 1.1 Fighting
 + Level 0.4 Throwing
 + Level 3.2 Dodging
 + Level 0.2 Stealth
 + Level 4.1 Unarmed Combat
 + Level 2.6 Spellcasting
 + Level 3.6 Transmutations


You had 7 spell levels left.
You knew the following spells:

 Your Spells              Type           Power        Failure   Level  Hunger
a - Beastly Appendage     Tmut           ##....       14%         1    ##.....


Dungeon Overview and Level Annotations

Branches:
Dungeon (3/15)

Altars:
Hepliaklqana
Yredelemnul


Innate Abilities, Weirdness & Mutations

You revert to your normal form in water.
You are very nimble and swift while swimming.
You are very stealthy in the water. (Stealth+)
Your life essence is reduced. (-10% HP)
You have a pair of small horns on your head.
You are resistant to hostile enchantments. (MR+)
Your spells are a little harder to cast, but a little more powerful.


Message History

Something hits Beli-Ashared.
Beli-Ashared closely misses something.
A magic dart appears from out of thin air!
The magic dart hits Beli-Ashared.
Beli-Ashared is destroyed!
A magic dart appears from out of thin air!
The magic dart hits you!
You start resting.
A magic dart appears from out of thin air!
The magic dart hits you!
* * * LOW HITPOINT WARNING * * *
You start eating one of the 2 meat rations.
Keep eating?
You continue eating. x2
A magic dart appears from out of thin air!
The magic dart hits you!
* * * LOW HITPOINT WARNING * * *
You finish eating.
That meat ration really hit the spot!
A magic dart appears from out of thin air!
The magic dart hits you!
You die...

#o# #.# #.# #.# #.#
#.#.# $..
##########.#.#....
#.......oo.#.#..<.
#@##########.#....
#.# #............
#.# #.........>#
#.# #..........##
#.# #####........
##.########.#.####.
#...........#.#
#############.#
#............#


You could see an orc.

Vanquished Creatures
  2 adders (D:2)
  An ooze (D:2)
  A dart slug (D:1)
  A leopard gecko (D:1)
  An orc (D:3)
  7 bats
  6 giant cockroaches
  7 goblins
  2 hobgoblins (D:1)
  12 kobolds
  A ball python (D:2)
  A frilled lizard (D:2)
  5 rats
  A spectral orc (D:3)
48 creatures vanquished.

Vanquished Creatures (others)
  An ancestor (D:3)
1 creature vanquished.

Grand Total: 49 creatures vanquished

Notes
Turn   | Place    | Note
-------+----------+-------------------------------------------
     0 | D:1      | sprush the Merfolk Transmuter began the quest for the Orb.
     0 | D:1      | Reached XP level 1. HP: 15/15 MP: 3/3
   201 | D:1      | Reached XP level 2. HP: 16/21 MP: 3/5
   705 | D:1      | Reached XP level 3. HP: 25/26 MP: 4/6
   714 | D:1      | Reached skill level 4 in Unarmed Combat
  1049 | D:2      | Gained mutation: You are resistant to hostile enchantments. (MR+) [potion of mutation]
  1049 | D:2      | Gained mutation: You have a pair of small horns on your head. [potion of mutation]
  1049 | D:2      | Gained mutation: Your spells are a little harder to cast, but a little more powerful. [potion of mutation]
  1447 | D:2      | Reached XP level 4. HP: 25/32 MP: 7/7
  1767 | D:3      | Found a hazy altar of Hepliaklqana.
  1782 | D:3      | Became a worshipper of Hepliaklqana the Forgotten
  1798 | D:3      | Found a basalt altar of Yredelemnul.
  2074 | D:3      | HP: 1/28 [something/magic dart (6)]
  2075 | D:3      | Killed from afar by an orc wizard

Skill      XL: |  1  2  3 |
---------------+----------+-----
Transmutations | 3 |  3.6
Unarmed Combat | 4 |  4.1
Dodging        | 3 |  3.2
Fighting       | |  1.1
Throwing       | |  0.4
Stealth        | |  0.2
Spellcasting   | |  2.6

Action                   |  1- 3 |  4- 6 || total
-------------------------+-------+-------++-------
Melee: Unarmed           |   125 |    36 ||   161
       Headbutt          |    12 |     5 ||    17
       Punch             |     1 |       ||     1
 Fire: Hunting sling     |     2 |       ||     2
Throw: Stone             |    15 |     5 ||    20
 Cast: Beastly Appendage |    12 |       ||    12
  Use: Potion            |     3 |       ||     3
       Scroll            |       |     1 ||     1
 Stab: Sleeping          |     1 |       ||     1
  Eat: Chunk             |     2 |     1 ||     3
       Meat ration       |       |     1 ||     1
Armor: Robe              |    30 |     1 ||    31
Dodge: Dodged            |   100 |    18 ||   118
